Knights vs Sewer Rats (R1)

Created - June 11, 2020 at 21:26

Goals
1 2 3 T
Knights 0 3 0 3
Sewer Rats 1 3 1 5
Shots
1 2 3 T
Knights 10 10 9 29
Sewer Rats 6 11 8 25

1st period

1. Sewer Rats , Luke Witkowski 9 (Nick Cousins 8, Daniel Carr 8) at 11:30 (PP)

Penalties :
Stefan Elliott (Tol) for Holding Stick (Minor) at 0:22, Tyler Motte (Tol) for Interference (Minor) at 5:36, Brendan Gaunce (Lon) for Holding (Minor) at 8:15, Ludwig Bystrom (Lon) for Hooking (Minor) at 10:54, Jonathan Marchessault (Tol) for Goalie Interference (Minor) at 12:59, Ryan Murphy (Tol) for Hooking (Minor) at 19:38

2nd period

2. Sewer Rats , Mark Mancari 20 (Jonathan Marchessault 10) at 3:42 (PP)
3. Sewer Rats , Joseph Blandisi 5 (John Ramage 2) at 5:19
4. Knights , Dwight King 10 (Jaccob Slavin 14, Miro Aaltonen 4) at 5:25
5. Knights , Miro Aaltonen 4 (Dwight King 16, Collin Miller 5) at 7:09 (PP)
6. Sewer Rats , Erik Condra 5 (Dmitrij Jaskin 3, John Ramage 3) at 8:25
7. Knights , Vince Hinostroza 7 (Noel Acciari 23, Nikolaj Ehlers 13) at 13:05

Penalties :
Tomas Kundratek (Lon) for Tripping (Minor) at 2:50, Nick Cousins (Tol) for Hooking (Minor) at 6:21, Vince Hinostroza (Lon) for High sticking (Minor) at 10:41, Jared McCann (Tol) for Holding Stick (Minor) at 16:31

3rd period

8. Sewer Rats , Tomas Tatar 17 (Ryan Murphy 3, Jonathan Marchessault 11) at 19:31 (Empty Net)

Penalties :
Jonathan Marchessault (Tol) for Hooking (Minor) at 7:30, Nathan Walker (Lon) for Holding (Minor) at 11:44

Goalie Stats

Magnus Hellberg (Lon), 8 saves from 12 shots - (0.667), L, 3-4-0, 28:25 minutes
Elvis Merzlikins (Lon), 12 saves from 12 shots - (1.000), 31:27 minutes
Marek Mazanek (Tol), 26 saves from 29 shots - (0.897), W, 10-5-2, 60:00 minutes

Players Stats for Knights

Player Name              G  A  P  +/- PIM S  H  SB GA TA FO     MP     PP MP  PK MP  
------------------------------------------------------------------------------------
Brendan Gaunce           0  0  0  -1  2   0  0  0  0  0  1/4     8:45   0:00   0:00 
Collin Miller            0  1  1  -1  0   3  0  1  1  0  0/0    20:19   7:01   0:00 
Dwight King              1  1  2   1  0   6  3  0  1  0  2/6    21:00   5:21   4:00 
Jaccob Slavin            0  1  1   1  0   1  3  2  2  0  0/0    26:40   7:08   2:55 
Jordan Martinook         0  0  0  -2  0   1  1  0  0  0  1/1    14:09   0:19   3:58 
Josh Bailey              0  0  0   0  0   2  1  0  1  0  0/0    19:54   7:02   1:40 
Linden Vey               0  0  0  -2  0   0  1  0  1  0  0/0    14:24   5:21   0:00 
Ludwig Bystrom           0  0  0  -1  2   0  0  0  0  0  0/0    10:40   0:00   0:57 
Michael Matheson         0  0  0   0  0   1  1  0  0  0  0/0    14:43   1:07   2:55 
Miro Aaltonen            1  1  2   1  0   8  0  0  0  0  14/21  17:00   5:21   0:00 
Nathan Walker            0  0  0  -1  2   1  3  0  0  0  0/0     7:23   0:00   0:00 
Nicolas Petan            0  0  0  -1  0   0  1  0  0  0  1/1     7:02   0:00   0:00 
Nikolaj Ehlers           0  1  1   1  0   0  0  1  0  0  0/1    20:10   7:02   1:33 
Noel Acciari             0  1  1   0  0   2  2  0  1  1  11/24  21:11   7:21   2:14 
Olli Maatta              0  0  0  -1  0   3  4  1  0  1  0/0    22:50   5:15   4:09 
Ryan Strome              0  0  0   1  0   0  0  0  0  0  0/0    12:43   0:19   0:00 
Tomas Kundratek          0  0  0   0  2   0  1  1  1  0  0/0    24:46   4:53   3:54 
Vince Hinostroza         1  0  1   0  2   1  3  1  1  0  0/0     8:51   0:00   1:25 

Players Stats for Sewer Rats

Player Name              G  A  P  +/- PIM S  H  SB GA TA FO     MP     PP MP  PK MP  
------------------------------------------------------------------------------------
Anthony Duclair          0  0  0   0  0   2  1  0  1  0  0/0     9:23   0:00   0:00 
Connor Carrick           0  0  0   1  0   1  0  1  0  0  0/0     9:59   0:00   0:57 
Daniel Carr              0  1  1   0  0   0  3  1  0  0  1/1    15:15   3:05   1:15 
Dmitrij Jaskin           0  1  1   1  0   3  0  0  0  0  0/0     6:43   0:29   0:00 
Erik Condra              1  0  1   0  0   1  3  0  0  0  1/1    14:02   0:00   4:11 
Jared McCann             0  0  0   0  2   0  0  0  0  0  4/8     9:22   0:00   0:00 
Joel Edmundson           0  0  0  -1  0   1  2  0  0  1  0/0    21:50   3:20   4:51 
John Ramage              0  2  2  -1  0   0  0  0  0  2  0/0    21:50   3:20   4:51 
Jonathan Marchessault    0  2  2   0  4   0  4  0  0  0  8/19   16:56   4:20   0:00 
Joseph Blandisi          1  0  1   1  0   3  1  0  0  1  0/0     8:07   0:00   1:30 
Luke Witkowski           1  0  1   0  0   4  2  0  1  0  1/2    21:13   2:52   7:07 
Mark Mancari             1  0  1   0  0   2  1  0  0  1  7/14   24:13   4:04   7:10 
Nick Cousins             0  1  1   0  2   1  1  1  0  0  4/10   13:30   3:05   0:00 
Ryan Murphy              0  1  1   2  2   0  0  1  0  0  0/0     9:37   0:00   0:00 
Stefan Elliott           0  0  0   0  2   2  2  1  0  0  0/0    27:58   4:05   6:54 
Steven Kampfer           0  0  0   1  0   2  0  1  0  3  0/0    28:11   4:05   7:51 
Tomas Tatar              1  0  1   0  0   3  3  1  0  1  2/3    21:04   4:20   4:11 
Tyler Motte              0  0  0   1  2   0  0  2  0  0  0/0     6:33   0:00   0:00 
Xavier Ouellet           0  0  0   0  0   0  0  0  0  0  0/0     1:25   0:00   0:00 

3 Stars

1 - Dwight King (Lon)
2 - Tomas Tatar (Tol)
3 - Erik Condra (Tol)

Power Play

Knights - 1 on 7 Attempt(s) - 14.29%
Sewer Rats - 2 on 5 Attempt(s) - 40.00%

Penalty Kill

Knights - 3 on 5 Attempt(s) - 60.00% - Score 0 goal in Penalty Kill
Sewer Rats - 6 on 7 Attempt(s) - 85.71% - Score 0 goal in Penalty Kill

Team Stat

Knights - Hits : 24 - Faceoff Wins : 30 - Blocked Shots : 7 - Penalty Minutes : 10
Sewer Rats - Hits : 23 - Faceoff Wins : 28 - Blocked Shots : 9 - Penalty Minutes : 14

Official

Referees : Unknown
Linesman : Unknown

Game Notes

Elvis Merzlikins enters game at 8:25 of 2nd period
Tomas Tatar has scored in a empty net!

Finance

Level 1 -- Attendance: 2000 (100.00%) -- Ticket Income $70,000
Level 2 -- Attendance: 1000 (100.00%) -- Ticket Income $17,000
Total Attendance: 3000 (100.00%)
Total Ticket Income: $87,000
Other Income: $4,350
Total Income: $91,350

Knights

5 vs 5 Forward 
   Center                   Left Wing                Right Wing               Time % Phy DF OF 
 1 Miro Aaltonen            Dwight King              Ryan Strome              37     1   2  2  
 2 Noel Acciari             Nikolaj Ehlers           Josh Bailey              33     1   1  3  
 3 Brendan Gaunce           Jordan Martinook         Linden Vey               20     1   2  2  
 4 Nicolas Petan            Nathan Walker            Vince Hinostroza         10     1   2  2  

5 vs 5 Defense 
   Defense                  Defense                                           Time % Phy DF OF 
 1 Jaccob Slavin            Tomas Kundratek                                   40     1   3  1  
 2 Collin Miller            Olli Maatta                                       30     1   3  1  
 3 Michael Matheson         Ludwig Bystrom                                    20     1   2  2  
 4 Michael Matheson         Jaccob Slavin                                     10     1   2  2  

PowerPlay Forward 
   Center                   Left Wing                Right Wing               Time % Phy DF OF 
 1 Noel Acciari             Nikolaj Ehlers           Josh Bailey              60     0   1  4  
 2 Miro Aaltonen            Dwight King              Linden Vey               40     0   1  4  

PowerPlay Defense
   Defense                  Defense                                           Time % Phy DF OF 
 1 Collin Miller            Jaccob Slavin                                     60     0   1  4  
 2 Olli Maatta              Tomas Kundratek                                   40     0   1  4  

Penalty Kill 4 Players Forward 
   Center                   Wing                     Time % Phy DF OF 
 1 Dwight King              Jordan Martinook         60     1   3  1  
 2 Noel Acciari             Vince Hinostroza         40     1   3  1  

Penalty Kill 4 Players Defense
   Defense                  Defense                  Time % Phy DF OF 
 1 Tomas Kundratek          Olli Maatta              60     1   3  1  
 2 Jaccob Slavin            Michael Matheson         40     1   3  1  

Penalty Kill - 3 Players Forward 
   Forward                                           Time % Phy DF OF 
 1 Noel Acciari                                      60     0   4  1  
 2 Vince Hinostroza                                  40     0   4  1  

Penalty Kill - 3 Players Defense
   Defense                  Defense                  Time % Phy DF OF 
 1 Jaccob Slavin            Tomas Kundratek          60     1   3  1  
 2 Michael Matheson         Olli Maatta              40     1   3  1  

4 vs 4 Forward 
   Center                   Wing                     Time % Phy DF OF 
 1 Noel Acciari             Josh Bailey              60     1   2  2  
 2 Ryan Strome              Dwight King              40     1   2  2  

4 vs 4 Defense
   Defense                  Defense                  Time % Phy DF OF 
 1 Tomas Kundratek          Jaccob Slavin            60     1   2  2  
 2 Michael Matheson         Collin Miller            40     1   2  2  

Last Minutes Offensive
   Center                   Left Wing                Right Wing               Defense                  Defense                  
   Noel Acciari             Dwight King              Josh Bailey              Tomas Kundratek          Jaccob Slavin            

Last Minutes Defensive
   Center                   Left Wing                Right Wing               Defense                  Defense                  
   Noel Acciari             Jordan Martinook         Vince Hinostroza         Jaccob Slavin            Tomas Kundratek          

Goaltenders
Starting : Magnus Hellberg          
Backup : Elvis Merzlikins         

Extra Forwards
Normal : Jordan Martinook, Linden Vey, Dwight King - PP : Linden Vey, Jordan Martinook - PK : Josh Bailey
Extra Defensemen
Normal : Tomas Kundratek, Michael Matheson, Collin Miller - PP : Michael Matheson - PK : Ludwig Bystrom, Michael Matheson
Penalty Shots
Noel Acciari, Miro Aaltonen, Ryan Strome, Linden Vey, Dwight King

Scratches
Zach Nastasiuk (Healthy), Nicklas Jensen (Healthy), Alan Quine (Healthy), David Shields (Healthy), Matthew Benning (Healthy)
Trevor Moore (Healthy), Scott Wilson (Healthy), Curtis Valk (Healthy), Anthony Louis (Healthy), Travis Boyd (Healthy)
Fredrik Claesson (Healthy), Mackenzie MacEachern (Healthy), Valentin Zykov (Healthy), Jayce Hawryluk (Healthy), Kevin Fiala (Healthy)
A.J. Jenks (Healthy), Ryan Collins (Healthy), William Lagesson (Healthy), Eamon McAdam (Healthy), Philippe Desrosiers (Healthy)
Ville Husso (Healthy)

Sewer Rats

5 vs 5 Forward 
   Center                   Left Wing                Right Wing               Time % Phy DF OF 
 1 Jonathan Marchessault    Tomas Tatar              Mark Mancari             40     1   2  2  
 2 Nick Cousins             Daniel Carr              Luke Witkowski           30     1   2  2  
 3 Jared McCann             Anthony Duclair          Erik Condra              20     1   2  2  
 4 Tyler Motte              Joseph Blandisi          Dmitrij Jaskin           10     1   2  2  

5 vs 5 Defense 
   Defense                  Defense                                           Time % Phy DF OF 
 1 Stefan Elliott           Steven Kampfer                                    40     1   2  2  
 2 Joel Edmundson           John Ramage                                       30     1   2  2  
 3 Ryan Murphy              Connor Carrick                                    20     1   2  2  
 4 Xavier Ouellet           Stefan Elliott                                    10     1   2  2  

PowerPlay Forward 
   Center                   Left Wing                Right Wing               Time % Phy DF OF 
 1 Jonathan Marchessault    Tomas Tatar              Mark Mancari             60     1   2  2  
 2 Nick Cousins             Daniel Carr              Luke Witkowski           40     1   2  2  

PowerPlay Defense
   Defense                  Defense                                           Time % Phy DF OF 
 1 Stefan Elliott           Steven Kampfer                                    60     1   2  2  
 2 Joel Edmundson           John Ramage                                       40     1   2  2  

Penalty Kill 4 Players Forward 
   Center                   Wing                     Time % Phy DF OF 
 1 Mark Mancari             Luke Witkowski           60     1   2  2  
 2 Tomas Tatar              Erik Condra              40     1   2  2  

Penalty Kill 4 Players Defense
   Defense                  Defense                  Time % Phy DF OF 
 1 Stefan Elliott           Steven Kampfer           60     1   2  2  
 2 Joel Edmundson           John Ramage              40     1   2  2  

Penalty Kill - 3 Players Forward 
   Forward                                           Time % Phy DF OF 
 1 Mark Mancari                                      60     1   2  2  
 2 Luke Witkowski                                    40     1   2  2  

Penalty Kill - 3 Players Defense
   Defense                  Defense                  Time % Phy DF OF 
 1 Stefan Elliott           Steven Kampfer           60     1   2  2  
 2 Joel Edmundson           John Ramage              40     1   2  2  

4 vs 4 Forward 
   Center                   Wing                     Time % Phy DF OF 
 1 Mark Mancari             Luke Witkowski           60     1   2  2  
 2 Tomas Tatar              Erik Condra              40     1   2  2  

4 vs 4 Defense
   Defense                  Defense                  Time % Phy DF OF 
 1 Stefan Elliott           Steven Kampfer           60     1   2  2  
 2 Joel Edmundson           John Ramage              40     1   2  2  

Last Minutes Offensive
   Center                   Left Wing                Right Wing               Defense                  Defense                  
   Jonathan Marchessault    Tomas Tatar              Mark Mancari             Stefan Elliott           Steven Kampfer           

Last Minutes Defensive
   Center                   Left Wing                Right Wing               Defense                  Defense                  
   Jonathan Marchessault    Tomas Tatar              Mark Mancari             Stefan Elliott           Steven Kampfer           

Goaltenders
Starting : Marek Mazanek            
Backup : Darcy Kuemper            

Extra Forwards
Normal : Dmitrij Jaskin, Anthony Duclair, Joseph Blandisi - PP : Dmitrij Jaskin, Anthony Duclair - PK : Joseph Blandisi
Extra Defensemen
Normal : Ryan Murphy, Connor Carrick, Xavier Ouellet - PP : Ryan Murphy - PK : Connor Carrick, Xavier Ouellet
Penalty Shots
Mark Mancari, Luke Witkowski, Tomas Tatar, Erik Condra, Daniel Carr

Scratches
Vincent Trocheck (Sore Left Knee Injury), Dominik Kubalik (Healthy), Josh Archibald (Healthy), Jarred Tinordi (Healthy), Jonathan Racine (Healthy)
Chris Calhan (Healthy), Mark Friedman (Healthy), Michael Dal Colle (Healthy), Matteson Iacopelli (Healthy), Sergei Kostenko (Healthy)
Antoine Bibeau (Healthy)

% Time on Ice - Knights

Lines # - Real PCT - Wanted PCT - Time Play
Normal Forward
1 - 32% - 37% - 12:28
2 - 28% - 33% - 11:03
3 - 22% - 20% - 8:37
4 - 18% - 10% - 7:02
Normal Defense
1 - 39% - 40% - 15:06
2 - 35% - 30% - 13:52
3 - 24% - 20% - 9:35
4 - 2% - 10% - 0:37
PP Forward
1 - 58% - 60% - 7:21
2 - 42% - 40% - 5:21
PP Defense
1 - 59% - 60% - 7:27
2 - 41% - 40% - 5:15
PK Forward
1 - 75% - 60% - 5:32
2 - 25% - 40% - 1:53
PK Defense
1 - 61% - 60% - 4:30
2 - 39% - 40% - 2:55
PK3 Forward
1 - 0% - 60%
2 - 0% - 40%
PK3 Defense
1 - 0% - 60%
2 - 0% - 40%
44 Forward
1 - 0% - 60%
2 - 0% - 40%
44 Defense
1 - 0% - 60%
2 - 0% - 40%
Last Minute Offensive  - 0:43
Last Minute Defensive  - 0:00
Total
Forward - 60:00
Defense - 60:00

% Time on Ice - Sewer Rats

Lines # - Real PCT - Wanted PCT - Time Play
Normal Forward
1 - 33% - 40% - 12:48
2 - 28% - 30% - 10:54
3 - 24% - 20% - 9:23
4 - 16% - 10% - 6:08
Normal Defense
1 - 40% - 40% - 15:35
2 - 35% - 30% - 13:39
3 - 22% - 20% - 8:34
4 - 4% - 10% - 1:25
PP Forward
1 - 58% - 60% - 4:20
2 - 42% - 40% - 3:05
PP Defense
1 - 55% - 60% - 4:05
2 - 45% - 40% - 3:20
PK Forward
1 - 67% - 60% - 8:31
2 - 33% - 40% - 4:11
PK Defense
1 - 62% - 60% - 7:51
2 - 38% - 40% - 4:51
PK3 Forward
1 - 0% - 60%
2 - 0% - 40%
PK3 Defense
1 - 0% - 60%
2 - 0% - 40%
44 Forward
1 - 0% - 60%
2 - 0% - 40%
44 Defense
1 - 0% - 60%
2 - 0% - 40%
Last Minute Offensive  - 0:00
Last Minute Defensive  - 0:40
Total
Forward - 60:00
Defense - 60:00

Play-by-Play

1st period


0:01 of 1st period - Miro Aaltonen wins face-off versus Jonathan Marchessault in neutral zone.
0:14 of 1st period - Wrist shot by Miro Aaltonen.
0:14 of 1st period - Shot Blocked by Steven Kampfer.
0:16 of 1st period - Snap shot by Miro Aaltonen.
0:16 of 1st period - Stopped by Marek Mazanek with a rebound.
0:22 of 1st period - Minor Penalty to Stefan Elliott for Holding Stick.
0:23 of 1st period - Noel Acciari wins face-off versus Mark Mancari in Sewer Rats zone.
0:36 of 1st period - Wrist shot by Josh Bailey.
0:36 of 1st period - Shot Misses the Net.
0:38 of 1st period - Slapshot by Jaccob Slavin.
0:38 of 1st period - Stopped by Marek Mazanek without a rebound.
0:39 of 1st period - Tomas Tatar wins face-off versus Miro Aaltonen in Sewer Rats zone.
1:09 of 1st period - Off-side.
1:10 of 1st period - Mark Mancari wins face-off versus Nikolaj Ehlers in neutral zone.
1:41 of 1st period - Wrist shot by Erik Condra.
1:41 of 1st period - Deflect By Jaccob Slavin.
1:41 of 1st period - Shot Misses the Net.
1:41 of 1st period - Puck is out of play.
1:42 of 1st period - Mark Mancari wins face-off versus Miro Aaltonen in Knights zone.
2:22 of 1st period - Penalty to Stefan Elliott is over, Stefan Elliott is back on ice.
2:49 of 1st period - Off-side.
2:50 of 1st period - Brendan Gaunce wins face-off versus Jared McCann in neutral zone.
3:16 of 1st period - Josh Bailey is hit by Joseph Blandisi and loses puck.
3:43 of 1st period - Wrist shot by Daniel Carr.
3:43 of 1st period - Shot Misses the Net.
3:45 of 1st period - Slapshot by Joel Edmundson.
3:45 of 1st period - Stopped by Magnus Hellberg with a rebound.
3:47 of 1st period - Slapshot by Luke Witkowski.
3:47 of 1st period - Shot Misses the Net.
3:59 of 1st period - Mark Mancari is hit by Jaccob Slavin and loses puck.
4:04 of 1st period - Snap shot by Nathan Walker.
4:04 of 1st period - Stopped by Marek Mazanek with a rebound.
4:06 of 1st period - Slapshot by Olli Maatta.
4:06 of 1st period - Shot Blocked by Connor Carrick.
4:08 of 1st period - Slapshot by Collin Miller.
4:08 of 1st period - Stopped by Marek Mazanek with a rebound.
4:10 of 1st period - Wrist shot by Olli Maatta.
4:10 of 1st period - Stopped by Marek Mazanek without a rebound.
4:11 of 1st period - Noel Acciari wins face-off versus Nick Cousins in Sewer Rats zone.
4:12 of 1st period - Wrist shot by Josh Bailey.
4:12 of 1st period - Deflect By Nikolaj Ehlers.
4:12 of 1st period - Shot Misses the Net.
4:12 of 1st period - Puck is out of play.
4:13 of 1st period - Nick Cousins wins face-off versus Noel Acciari in Sewer Rats zone.
4:47 of 1st period - Snap shot by Tomas Tatar.
4:47 of 1st period - Shot Blocked by Olli Maatta.
5:03 of 1st period - Wrist shot by Linden Vey.
5:03 of 1st period - Shot Blocked by Ryan Murphy.
5:36 of 1st period - Minor Penalty to Tyler Motte for Interference.
5:37 of 1st period - Noel Acciari wins face-off versus Mark Mancari in Sewer Rats zone.
6:31 of 1st period - Luke Witkowski is hit by Olli Maatta and loses puck.
7:21 of 1st period - Linden Vey is hit by Erik Condra and loses puck.
7:36 of 1st period - Penalty to Tyler Motte is over, Tyler Motte is back on ice.
7:52 of 1st period - Mark Mancari is hit by Nathan Walker and loses puck.
8:15 of 1st period - Minor Penalty to Brendan Gaunce for Holding.
8:16 of 1st period - Jonathan Marchessault wins face-off versus Dwight King in Knights zone.
8:23 of 1st period - Slapshot by Mark Mancari.
8:23 of 1st period - Shot Misses the Net.
9:28 of 1st period - John Ramage is hit by Jaccob Slavin and loses puck.
10:15 of 1st period - Penalty to Brendan Gaunce is over, Brendan Gaunce is back on ice.
10:54 of 1st period - Minor Penalty to Ludwig Bystrom for Hooking.
10:55 of 1st period - Jonathan Marchessault wins face-off versus Dwight King in Knights zone.
11:30 of 1st period - Slapshot by Luke Witkowski.
11:30 of 1st period - Goal by Luke Witkowski - Knights : 0 - Sewer Rats : 1.
11:31 of 1st period - Nick Cousins wins face-off versus Noel Acciari in neutral zone.
11:43 of 1st period - Off-side.
11:44 of 1st period - Miro Aaltonen wins face-off versus Mark Mancari in neutral zone.
11:49 of 1st period - Snap shot by Dwight King.
11:49 of 1st period - Stopped by Marek Mazanek without a rebound.
11:50 of 1st period - Miro Aaltonen wins face-off versus Jonathan Marchessault in Sewer Rats zone.
11:53 of 1st period - Wrist shot by Dwight King.
11:53 of 1st period - Stopped by Marek Mazanek with a rebound.
12:59 of 1st period - Minor Penalty to Jonathan Marchessault for Goalie Interference.
13:00 of 1st period - Noel Acciari wins face-off versus Mark Mancari in Sewer Rats zone.
13:33 of 1st period - Erik Condra is hit by Olli Maatta and loses puck.
14:46 of 1st period - Stefan Elliott is hit by Dwight King and loses puck.
14:59 of 1st period - Penalty to Jonathan Marchessault is over, Jonathan Marchessault is back on ice.
16:33 of 1st period - Wrist shot by Anthony Duclair.
16:33 of 1st period - Stopped by Magnus Hellberg without a rebound.
16:34 of 1st period - Jared McCann wins face-off versus Miro Aaltonen in Knights zone.
16:35 of 1st period - Slapshot by Stefan Elliott.
16:35 of 1st period - Stopped by Magnus Hellberg with a rebound.
16:38 of 1st period - Icing by Michael Matheson.
16:39 of 1st period - Miro Aaltonen wins face-off versus Jonathan Marchessault in Knights zone.
16:39 of 1st period - Miro Aaltonen is hit by Tomas Tatar.
16:49 of 1st period - Backhand shot by Dwight King.
16:49 of 1st period - Stopped by Marek Mazanek with a rebound.
16:51 of 1st period - Snap shot by Michael Matheson.
16:51 of 1st period - Stopped by Marek Mazanek without a rebound.
16:52 of 1st period - Jonathan Marchessault wins face-off versus Noel Acciari in Sewer Rats zone.
16:52 of 1st period - Jonathan Marchessault is hit by Josh Bailey.
17:00 of 1st period - Jaccob Slavin is hit by Tomas Tatar and loses puck.
17:07 of 1st period - Wrist shot by Mark Mancari.
17:07 of 1st period - Shot Misses the Net.
17:19 of 1st period - Daniel Carr is hit by Jordan Martinook and loses puck.
17:28 of 1st period - Snap shot by Luke Witkowski.
17:28 of 1st period - Shot Blocked by Jaccob Slavin.
17:30 of 1st period - Snap shot by Nick Cousins.
17:30 of 1st period - Stopped by Magnus Hellberg with a rebound.
17:42 of 1st period - Snap shot by Miro Aaltonen.
17:42 of 1st period - Stopped by Marek Mazanek with a rebound.
17:45 of 1st period - Icing by Erik Condra.
17:46 of 1st period - Jared McCann wins face-off versus Miro Aaltonen in Sewer Rats zone.
17:46 of 1st period - Jared McCann is hit by Dwight King.
17:56 of 1st period - Snap shot by Anthony Duclair.
17:56 of 1st period - Stopped by Magnus Hellberg without a rebound.
17:57 of 1st period - Noel Acciari wins face-off versus Jonathan Marchessault in Knights zone.
17:57 of 1st period - Noel Acciari is hit by Jonathan Marchessault.
18:12 of 1st period - Wrist shot by Tomas Tatar.
18:12 of 1st period - Shot Misses the Net.
18:24 of 1st period - Stefan Elliott is hit by Olli Maatta and loses puck.
19:01 of 1st period - Slapshot by Olli Maatta.
19:01 of 1st period - Shot Misses the Net.
19:07 of 1st period - Snap shot by Nathan Walker.
19:07 of 1st period - Shot Blocked by Tyler Motte.
19:38 of 1st period - Minor Penalty to Ryan Murphy for Hooking.
19:39 of 1st period - Mark Mancari wins face-off versus Noel Acciari in Sewer Rats zone.
19:39 of 1st period - Mark Mancari is hit by Noel Acciari.
19:53 of 1st period - Mark Mancari is hit by Noel Acciari and loses puck.
Goals for this period are 0 for Knights vs 1 for Sewer Rats.
Shots for this period are 10 for Knights vs 6 for Sewer Rats.

2nd period


0:01 of 2nd period - Noel Acciari wins face-off versus Mark Mancari in neutral zone.
1:38 of 2nd period - Penalty to Ryan Murphy is over, Ryan Murphy is back on ice.
2:01 of 2nd period - Icing by Michael Matheson.
2:02 of 2nd period - Nicolas Petan wins face-off versus Jared McCann in Knights zone.
2:02 of 2nd period - Nicolas Petan is hit by Erik Condra.
2:12 of 2nd period - Wrist shot by Michael Matheson.
2:12 of 2nd period - Deflect By Nathan Walker.
2:12 of 2nd period - Shot Misses the Net.
2:12 of 2nd period - Puck is out of play.
2:13 of 2nd period - Miro Aaltonen wins face-off versus Nick Cousins in Sewer Rats zone.
2:16 of 2nd period - Wrist shot by Miro Aaltonen.
2:16 of 2nd period - Shot Misses the Net.
2:28 of 2nd period - Snap shot by Miro Aaltonen.
2:28 of 2nd period - Stopped by Marek Mazanek without a rebound.
2:29 of 2nd period - Mark Mancari wins face-off versus Noel Acciari in Sewer Rats zone.
2:44 of 2nd period - Snap shot by Tomas Tatar.
2:44 of 2nd period - Shot Blocked by Tomas Kundratek.
2:50 of 2nd period - Minor Penalty to Tomas Kundratek for Tripping.
2:51 of 2nd period - Dwight King wins face-off versus Jonathan Marchessault in Knights zone.
3:24 of 2nd period - Wrist shot by Luke Witkowski.
3:24 of 2nd period - Deflect By Dwight King.
3:24 of 2nd period - Shot Misses the Net.
3:24 of 2nd period - Puck is out of play.
3:25 of 2nd period - Dwight King wins face-off versus Mark Mancari in Knights zone.
3:38 of 2nd period - Snap shot by Mark Mancari.
3:38 of 2nd period - Shot Blocked by Jaccob Slavin.
3:40 of 2nd period - Slapshot by Tomas Tatar.
3:40 of 2nd period - Stopped by Magnus Hellberg without a rebound.
3:41 of 2nd period - Jonathan Marchessault wins face-off versus Noel Acciari in Knights zone.
3:42 of 2nd period - Snap shot by Mark Mancari.
3:42 of 2nd period - Goal by Mark Mancari - Knights : 0 - Sewer Rats : 2.
3:43 of 2nd period - Miro Aaltonen wins face-off versus Nick Cousins in neutral zone.
4:55 of 2nd period - Steven Kampfer is hit by Dwight King.
5:19 of 2nd period - Slapshot by Joseph Blandisi.
5:19 of 2nd period - Goal by Joseph Blandisi - Knights : 0 - Sewer Rats : 3.
5:20 of 2nd period - Miro Aaltonen wins face-off versus Jonathan Marchessault in neutral zone.
5:22 of 2nd period - Jaccob Slavin is hit by Tomas Tatar and loses puck.
5:25 of 2nd period - Slapshot by Dwight King.
5:25 of 2nd period - Goal by Dwight King - Knights : 1 - Sewer Rats : 3.
5:26 of 2nd period - Jonathan Marchessault wins face-off versus Miro Aaltonen in neutral zone.
5:58 of 2nd period - Backhand shot by Luke Witkowski.
5:58 of 2nd period - Stopped by Magnus Hellberg without a rebound.
5:59 of 2nd period - Noel Acciari wins face-off versus Nick Cousins in Knights zone.
5:59 of 2nd period - Noel Acciari is hit by Luke Witkowski.
6:21 of 2nd period - Minor Penalty to Nick Cousins for Hooking.
6:22 of 2nd period - Mark Mancari wins face-off versus Noel Acciari in Sewer Rats zone.
6:37 of 2nd period - Wrist shot by Josh Bailey.
6:37 of 2nd period - Stopped by Marek Mazanek without a rebound.
6:38 of 2nd period - Noel Acciari wins face-off versus Mark Mancari in Sewer Rats zone.
6:39 of 2nd period - Snap shot by Josh Bailey.
6:39 of 2nd period - Stopped by Marek Mazanek with a rebound.
7:09 of 2nd period - Slapshot by Miro Aaltonen.
7:09 of 2nd period - Goal by Miro Aaltonen - Knights : 2 - Sewer Rats : 3.
7:10 of 2nd period - Jonathan Marchessault wins face-off versus Miro Aaltonen in neutral zone.
7:39 of 2nd period - Snap shot by Jaccob Slavin.
7:39 of 2nd period - Shot Blocked by Daniel Carr.
8:01 of 2nd period - Snap shot by Joseph Blandisi.
8:01 of 2nd period - Stopped by Magnus Hellberg with a rebound.
8:25 of 2nd period - Wrist shot by Erik Condra.
8:25 of 2nd period - Goal by Erik Condra - Knights : 2 - Sewer Rats : 4.
8:25 of 2nd period - Elvis Merzlikins enters game.
8:26 of 2nd period - Miro Aaltonen wins face-off versus Tomas Tatar in neutral zone.
8:35 of 2nd period - Snap shot by Dwight King.
8:35 of 2nd period - Stopped by Marek Mazanek without a rebound.
8:36 of 2nd period - Miro Aaltonen wins face-off versus Jonathan Marchessault in Sewer Rats zone.
8:57 of 2nd period - Snap shot by Miro Aaltonen.
8:57 of 2nd period - Stopped by Marek Mazanek with a rebound.
9:07 of 2nd period - Snap shot by Miro Aaltonen.
9:07 of 2nd period - Shot Misses the Net.
9:09 of 2nd period - Slapshot by Collin Miller.
9:09 of 2nd period - Stopped by Marek Mazanek with a rebound.
9:11 of 2nd period - Slapshot by Collin Miller.
9:11 of 2nd period - Deflect By Miro Aaltonen.
9:11 of 2nd period - Shot Blocked by Stefan Elliott.
9:11 of 2nd period - Puck is out of play.
9:12 of 2nd period - Daniel Carr wins face-off versus Noel Acciari in Sewer Rats zone.
9:27 of 2nd period - Snap shot by Luke Witkowski.
9:27 of 2nd period - Stopped by Elvis Merzlikins without a rebound.
9:28 of 2nd period - Erik Condra wins face-off versus Brendan Gaunce in Knights zone.
9:29 of 2nd period - Slapshot by Stefan Elliott.
9:29 of 2nd period - Stopped by Elvis Merzlikins with a rebound.
9:39 of 2nd period - Wrist shot by Anthony Duclair.
9:39 of 2nd period - Shot Misses the Net.
9:55 of 2nd period - Tomas Tatar is hit by Tomas Kundratek and loses puck.
10:21 of 2nd period - Stefan Elliott is hit by Michael Matheson and loses puck.
10:41 of 2nd period - Minor Penalty to Vince Hinostroza for High sticking.
10:42 of 2nd period - Jonathan Marchessault wins face-off versus Dwight King in Knights zone.
12:41 of 2nd period - Penalty to Vince Hinostroza is over, Vince Hinostroza is back on ice.
12:57 of 2nd period - Slapshot by Noel Acciari.
12:57 of 2nd period - Shot Misses the Net.
12:59 of 2nd period - Backhand shot by Jaccob Slavin.
12:59 of 2nd period - Shot Misses the Net.
13:01 of 2nd period - Snap shot by Nikolaj Ehlers.
13:01 of 2nd period - Shot Misses the Net.
13:03 of 2nd period - Snap shot by Vince Hinostroza.
13:03 of 2nd period - Deflect By Noel Acciari.
13:03 of 2nd period - Stopped by Marek Mazanek with a rebound.
13:05 of 2nd period - Wrist shot by Vince Hinostroza.
13:05 of 2nd period - Goal by Vince Hinostroza - Knights : 3 - Sewer Rats : 4.
13:06 of 2nd period - Miro Aaltonen wins face-off versus Nick Cousins in neutral zone.
13:18 of 2nd period - Ryan Strome is hit by Luke Witkowski and loses puck.
13:44 of 2nd period - Slapshot by Brendan Gaunce.
13:44 of 2nd period - Deflect By Jordan Martinook.
13:44 of 2nd period - Shot Misses the Net.
13:44 of 2nd period - Puck is out of play.
13:45 of 2nd period - Nick Cousins wins face-off versus Noel Acciari in Sewer Rats zone.
14:59 of 2nd period - Snap shot by Dmitrij Jaskin.
14:59 of 2nd period - Deflect By Tyler Motte.
14:59 of 2nd period - Shot Misses the Net.
14:59 of 2nd period - Puck is out of play.
15:00 of 2nd period - Noel Acciari wins face-off versus Jonathan Marchessault in Knights zone.
15:52 of 2nd period - Icing by Jordan Martinook.
15:53 of 2nd period - Jared McCann wins face-off versus Brendan Gaunce in Knights zone.
16:14 of 2nd period - Backhand shot by Anthony Duclair.
16:14 of 2nd period - Shot Misses the Net.
16:31 of 2nd period - Minor Penalty to Jared McCann for Holding Stick.
16:32 of 2nd period - Luke Witkowski wins face-off versus Noel Acciari in Sewer Rats zone.
16:52 of 2nd period - Jaccob Slavin is hit by Mark Mancari and loses puck.
17:07 of 2nd period - Steven Kampfer is hit by Linden Vey.
18:31 of 2nd period - Penalty to Jared McCann is over, Jared McCann is back on ice.
18:36 of 2nd period - Slapshot by Joseph Blandisi.
18:36 of 2nd period - Deflect By Dmitrij Jaskin.
18:36 of 2nd period - Stopped by Elvis Merzlikins with a rebound.
18:38 of 2nd period - Snap shot by Connor Carrick.
18:38 of 2nd period - Stopped by Elvis Merzlikins with a rebound.
18:40 of 2nd period - Snap shot by Tyler Motte.
18:40 of 2nd period - Shot Misses the Net.
18:42 of 2nd period - Snap shot by Dmitrij Jaskin.
18:42 of 2nd period - Stopped by Elvis Merzlikins with a rebound.
18:54 of 2nd period - Collin Miller is hit by Erik Condra and loses puck.
19:07 of 2nd period - Vince Hinostroza is hit by Stefan Elliott and loses puck.
19:42 of 2nd period - Icing by Erik Condra.
19:43 of 2nd period - Tomas Tatar wins face-off versus Brendan Gaunce in Sewer Rats zone.
Goals for this period are 3 for Knights vs 3 for Sewer Rats.
Shots for this period are 10 for Knights vs 11 for Sewer Rats.

3rd period


0:01 of 3rd period - Miro Aaltonen wins face-off versus Jonathan Marchessault in neutral zone.
0:30 of 3rd period - Wrist shot by Luke Witkowski.
0:30 of 3rd period - Stopped by Elvis Merzlikins with a rebound.
0:32 of 3rd period - Slapshot by Steven Kampfer.
0:32 of 3rd period - Stopped by Elvis Merzlikins with a rebound.
0:34 of 3rd period - Slapshot by Steven Kampfer.
0:34 of 3rd period - Stopped by Elvis Merzlikins with a rebound.
0:36 of 3rd period - Snap shot by Steven Kampfer.
0:36 of 3rd period - Shot Blocked by Nikolaj Ehlers.
0:43 of 3rd period - Icing by Jaccob Slavin.
0:44 of 3rd period - Jared McCann wins face-off versus Noel Acciari in Knights zone.
1:11 of 3rd period - Snap shot by Miro Aaltonen.
1:11 of 3rd period - Stopped by Marek Mazanek with a rebound.
1:13 of 3rd period - Wrist shot by Dwight King.
1:13 of 3rd period - Stopped by Marek Mazanek without a rebound.
1:14 of 3rd period - Nick Cousins wins face-off versus Miro Aaltonen in Sewer Rats zone.
1:19 of 3rd period - Slapshot by Miro Aaltonen.
1:19 of 3rd period - Shot Blocked by Nick Cousins.
1:21 of 3rd period - Slapshot by Olli Maatta.
1:21 of 3rd period - Stopped by Marek Mazanek with a rebound.
1:23 of 3rd period - Slapshot by Collin Miller.
1:23 of 3rd period - Deflect By Miro Aaltonen.
1:23 of 3rd period - Shot Hit the Post.
1:23 of 3rd period - Puck is out of play.
1:24 of 3rd period - Miro Aaltonen wins face-off versus Luke Witkowski in Sewer Rats zone.
1:37 of 3rd period - Snap shot by Dwight King.
1:37 of 3rd period - Shot Misses the Net.
1:39 of 3rd period - Wrist shot by Miro Aaltonen.
1:39 of 3rd period - Stopped by Marek Mazanek with a rebound.
2:33 of 3rd period - Snap shot by Nathan Walker.
2:33 of 3rd period - Shot Blocked by Tyler Motte.
2:35 of 3rd period - Slapshot by Collin Miller.
2:35 of 3rd period - Stopped by Marek Mazanek without a rebound.
2:36 of 3rd period - Miro Aaltonen wins face-off versus Jonathan Marchessault in Sewer Rats zone.
3:48 of 3rd period - Dwight King is hit by Joel Edmundson.
4:10 of 3rd period - Snap shot by Dmitrij Jaskin.
4:10 of 3rd period - Stopped by Elvis Merzlikins with a rebound.
4:16 of 3rd period - Stefan Elliott is hit by Olli Maatta and loses puck.
4:31 of 3rd period - Olli Maatta is hit by Stefan Elliott.
4:40 of 3rd period - Collin Miller is hit by Nick Cousins and loses puck.
4:55 of 3rd period - Slapshot by Jordan Martinook.
4:55 of 3rd period - Stopped by Marek Mazanek without a rebound.
4:56 of 3rd period - Miro Aaltonen wins face-off versus Jared McCann in Sewer Rats zone.
4:59 of 3rd period - Backhand shot by Dwight King.
4:59 of 3rd period - Deflect By Miro Aaltonen.
4:59 of 3rd period - Stopped by Marek Mazanek with a rebound.
5:23 of 3rd period - Wrist shot by Noel Acciari.
5:23 of 3rd period - Stopped by Marek Mazanek without a rebound.
5:24 of 3rd period - Jonathan Marchessault wins face-off versus Noel Acciari in Sewer Rats zone.
6:15 of 3rd period - Anthony Duclair is hit by Jaccob Slavin and loses puck.
6:22 of 3rd period - Snap shot by Linden Vey.
6:22 of 3rd period - Shot Misses the Net.
6:24 of 3rd period - Slapshot by Olli Maatta.
6:24 of 3rd period - Stopped by Marek Mazanek with a rebound.
6:38 of 3rd period - Snap shot by Tomas Tatar.
6:38 of 3rd period - Stopped by Elvis Merzlikins with a rebound.
6:42 of 3rd period - Slapshot by Mark Mancari.
6:42 of 3rd period - Shot Blocked by Vince Hinostroza.
6:44 of 3rd period - Wrist shot by Mark Mancari.
6:44 of 3rd period - Stopped by Elvis Merzlikins without a rebound.
6:45 of 3rd period - Noel Acciari wins face-off versus Nick Cousins in Knights zone.
6:45 of 3rd period - Noel Acciari is hit by Daniel Carr.
7:11 of 3rd period - Tomas Kundratek is hit by Jonathan Marchessault.
7:25 of 3rd period - Icing by Jonathan Marchessault.
7:26 of 3rd period - Noel Acciari wins face-off versus Jonathan Marchessault in Sewer Rats zone.
7:30 of 3rd period - Minor Penalty to Jonathan Marchessault for Hooking.
7:31 of 3rd period - Mark Mancari wins face-off versus Noel Acciari in Sewer Rats zone.
9:02 of 3rd period - Jaccob Slavin is hit by Daniel Carr and loses puck.
9:30 of 3rd period - Penalty to Jonathan Marchessault is over, Jonathan Marchessault is back on ice.
9:33 of 3rd period - Stefan Elliott is hit by Nicolas Petan and loses puck.
9:49 of 3rd period - Snap shot by Jonathan Marchessault.
9:49 of 3rd period - Shot Misses the Net.
11:05 of 3rd period - Jaccob Slavin is hit by Jonathan Marchessault and loses puck.
11:22 of 3rd period - Wrist shot by Joseph Blandisi.
11:22 of 3rd period - Stopped by Elvis Merzlikins with a rebound.
11:24 of 3rd period - Snap shot by John Ramage.
11:24 of 3rd period - Shot Blocked by Collin Miller.
11:26 of 3rd period - Slapshot by Joel Edmundson.
11:26 of 3rd period - Shot Misses the Net.
11:44 of 3rd period - Minor Penalty to Nathan Walker for Holding.
11:45 of 3rd period - Mark Mancari wins face-off versus Dwight King in Knights zone.
13:20 of 3rd period - Jonathan Marchessault is hit by Vince Hinostroza and loses puck.
13:44 of 3rd period - Penalty to Nathan Walker is over, Nathan Walker is back on ice.
13:54 of 3rd period - Joel Edmundson is hit by Nathan Walker and loses puck.
14:38 of 3rd period - Michael Matheson is hit by Daniel Carr and loses puck.
15:27 of 3rd period - Nick Cousins is hit by Vince Hinostroza and loses puck.
15:50 of 3rd period - Snap shot by Joseph Blandisi.
15:50 of 3rd period - Shot Misses the Net.
16:08 of 3rd period - Ryan Strome is hit by Joel Edmundson and loses puck.
16:27 of 3rd period - John Ramage is hit by Vince Hinostroza and loses puck.
17:35 of 3rd period - Slapshot by Ryan Strome.
17:35 of 3rd period - Shot Blocked by Tomas Tatar.
17:50 of 3rd period - Connor Carrick is hit by Nathan Walker and loses puck.
18:36 of 3rd period - Dwight King is hit by Anthony Duclair and loses puck.
19:23 of 3rd period - Knights, Elvis Merzlikins is pulled from the net.
19:29 of 3rd period - Snap shot by Jonathan Marchessault.
19:29 of 3rd period - Shot Misses the Net.
19:31 of 3rd period - Wrist shot by Ryan Murphy.
19:31 of 3rd period - Deflect By Tomas Tatar.
19:31 of 3rd period - Goal by Tomas Tatar - Knights : 3 - Sewer Rats : 5.
19:31 of 3rd period - Elvis Merzlikins from Knights was sent back in the game.
19:32 of 3rd period - Jordan Martinook wins face-off versus Jared McCann in neutral zone.
19:55 of 3rd period - Linden Vey is hit by Jonathan Marchessault and loses puck.
Goals for this period are 0 for Knights vs 1 for Sewer Rats.
Shots for this period are 9 for Knights vs 8 for Sewer Rats.